 Dungeon Crawl Stone Soup version 0.30-b1-5-g8e6c1be481 (webtiles) character file.

Game seed: 6445410499244421431

2156 Erymatos the Cleaver (level 9, -10/79 HPs)
             Began as a Minotaur Berserker on May 4, 2023.
             Was a Priest of Trog.
             Mangled by a hornet (11 damage)
             ... while paralysed by a hornet
             ... on level 8 of the Dungeon.
             The game lasted 00:10:39 (7145 turns).

Erymatos the Cleaver (Minotaur Berserker)           Turns: 7145, Time: 00:10:39

Health: -10/79     AC: 10    Str: 25    XL:     9   Next: 10%
Magic:  8/8        EV:  2    Int:  4    God:    Trog [***...]
Gold:   138        SH:  0    Dex: 11    Spells: 8/8 levels left

rFire   . . .        a - +0 hand axe
rCold   . . .        (no shield)
rNeg    . . .        i - +0 chain mail
rPois   .            (helmet restricted)
rElec   .            (no cloak)
rCorr   .            (no gloves)
SInv    .            (no boots)
Will    .....        t - amulet of reflection Stlth
                     (no ring)
HPRegen 0.33/turn    (no ring)
MPRegen 0.11/turn

%: reflection
@: paralysed, lethally poisoned (-10 -> -17), on berserk cooldown, slowed
A: horns 2, retaliatory headbutt
a: Renounce Religion, Berserk, Trog's Hand


You were on level 8 of the Dungeon.
You worshipped Trog.
Trog was most pleased with you.
You visited 1 branch of the dungeon, and saw 8 of its levels.
You also visited: Ossuary.

You collected 558 gold pieces.
You spent 420 gold pieces at shops.

Inventory:

Hand Weapons
 a - a +0 hand axe (weapon)
Missiles
 z - 4 throwing nets (quivered)
Armour
 b - a +0 animal skin
 i - a +0 chain mail (worn)
Jewellery
 o - an amulet of magic regeneration
 p - an amulet of the acrobat
 t - an amulet of reflection (around neck)
 u - a ring of protection from cold
Wands
 y - a wand of digging (4)
Scrolls
 e - a scroll of fog
 h - 3 scrolls of amnesia
 j - a scroll of immolation
 l - 3 scrolls of blinking
 m - 3 scrolls of poison
 r - 3 scrolls of teleportation
 x - a scroll of fear
 C - 2 scrolls of enchant armour
 E - 2 scrolls of identify
Potions
 c - a potion of haste
 d - 4 potions of degeneration
 f - 2 potions of flight
 g - 6 potions of heal wounds
 k - 7 potions of curing
 n - a potion of attraction
 q - 2 potions of berserk rage {unknown}
 s - 2 potions of lignification
 v - 2 potions of might {unknown}
 w - a potion of mutation {unknown}
 A - a potion of resistance {unknown}
 B - a potion of brilliance {unknown}
 D - a potion of cancellation


   Skills:
 + Level 7.2 Fighting
 + Level 10.2 Axes
 + Level 7.9 Armour
 + Level 3.8 Dodging
 - Level 1.4 Stealth
 + Level 1.0 Shields


You had 8 spell levels left.
You didn't know any spells.
Your spell library was empty.

Dungeon Overview and Level Annotations

Branches:
Dungeon (8/15)             Temple (0/1) D:4         Ossuary (visited)
   Lair: D:8-11

Altars:
Ashenzari
Cheibriados
Elyvilon
Gozag
Sif Muna
Uskayaw
Vehumet
Wu Jian
Yredelemnul
Zin

Shops:
D:1 [   D:4 !?

Annotations:
D:4 2 transporters


Innate Abilities, Weirdness & Mutations

You have a pair of horns on your head.
You reflexively headbutt those who attack you in melee.


Message History

The hornet stings you.
You feel as though you will be slow longer.
You block the hornet's attack.
Unknown command.
You miss the hornet.
The hornet is lightly wounded.
You feel sick. The hornet stings you.
* * * LOW HITPOINT WARNING * * *
You feel as though you will be slow longer.
Unknown command.
You hit the hornet. Your headbutt misses the hornet.
The hornet is moderately wounded.
You feel sick. The hornet barely misses you. The hornet stings you.
* * * LOW HITPOINT WARNING * * *
You are lethally poisoned!
You feel as though you will be slow longer.
Unknown command.
You hit the hornet but do no damage.
The hornet is moderately wounded.
* * * LOW HITPOINT WARNING * * *
You feel very sick. The hornet stings you.
* * * LOW HITPOINT WARNING * * *
You feel as though you will be slow longer.
The hornet stings you.
* * * LOW HITPOINT WARNING * * *
You feel as though you will be slow longer.
You slash the hornet!
You headbutt the hornet, but do no damage.
The hornet is heavily wounded.
* * * LOW HITPOINT WARNING * * *
You feel very sick. The hornet stings you.
* * * LOW HITPOINT WARNING * * *
You suddenly lose the ability to move!
* * * LOW HITPOINT WARNING * * *
You feel very sick.
The hornet stings you but does no damage.
The hornet stings you!
You die...

..).......... ....
....#.###.## ....#
.#..#.######## ..#.#
..#....#~~~~~### .....#
.......#~⌠.⌠~#.###.......
.......'.._..'.#..?......
..#....#~⌠.⌠~#...#.........
###....#~~~~~#.......?.....
##############..@#...≈≈≈...
......######|...y##..≈#≈≈≈≈
..........##)).#.....≈≈≈≈#≈
≈≈≈≈≈≈≈.#.........#.≈≈≈#≈≈≈
≈≈≈≈≈.............#.≈#≈≈≈≈#
≈_....8..###.......$≈≈≈≈#
≈≈≈≈≈..........#...≈≈≈#≈≈≈≈
≈≈≈≈≈≈≈.#.##.....$.≈#≈≈≈≈#≈
........#.##...##..≈≈≈≈#≈≈≈


You could see a hornet.

Vanquished Creatures
  A steam dragon (D:6)
  An acid dragon (D:8)
  A water moccasin (D:7)
  3 black bears
  A centaur (D:8)
  An ogre (D:7)
  3 phantoms
  2 bullfrogs (D:6)
  2 scorpions (D:5)
  An electric eel (D:8)
  2 howler monkeys (D:6)
  A human zombie (Ossuary)
  4 orc priests (D:7)
  4 hounds
  2 gnoll boudas
  A sleepcap (D:4)
  3 orc wizards
  An iguana (D:7)
  4 mummies (Ossuary)
  8 gnolls
  9 adders
  2 shadow imps
  A white imp (D:6)
  An adder zombie (Ossuary)
  A worm (D:3)
  2 dart slugs
  15 orcs
  4 bats
  8 endoplasms
  2 giant cockroaches
  3 hobgoblins
  4 jackals
  A quokka (D:4)
  5 ball pythons
  5 frilled lizards
  3 gnoll zombies (Ossuary)
  6 goblins
  4 hobgoblin zombies (Ossuary)
  A jackal zombie (Ossuary)
  12 kobolds
  A kobold zombie (Ossuary)
  11 rats
  A rat zombie (Ossuary)
  2 bushes (D:1)
150 creatures vanquished.

Vanquished Creatures (others)
  17 plants (D:1)
17 creatures vanquished.

Grand Total: 167 creatures vanquished

Notes
Turn   | Place    | Note
-------+----------+-------------------------------------------
     0 | D:1      | Erymatos the Minotaur Berserker began the quest for the
                  | Orb.
     0 | D:1      | Reached XP level 1. HP: 19/19 MP: 0/0
   183 | D:1      | Reached XP level 2. HP: 9/27 MP: 1/1
   362 | D:1      | Found Migegaoz's Antique Armour Shoppe.
   371 | D:1      | Reached skill level 4 in Axes
   453 | D:1      | Found a faded altar of an unknown god.
  1085 | D:2      | Reached ** piety under Trog
  1086 | D:2      | Reached XP level 3. HP: 32/33 MP: 2/2
  1139 | D:2      | Identified the +1 leather armour of Jedunow {rN++ Will-
                  | MP+9 Str+8}
  1470 | D:2      | Reached XP level 4. HP: 34/41 MP: 3/3
  2439 | D:4      | Noticed a black bear
  2446 | D:4      | Killed a black bear
  2447 | D:4      | Reached skill level 5 in Axes
  2447 | D:4      | Reached XP level 5. HP: 47/47 MP: 4/4
  2468 | D:4      | Found a transporter.
  2669 | D:4      | Reached skill level 5 in Fighting
  2675 | D:4      | Found a broken altar of Ashenzari.
  2709 | D:4      | Found a hide-covered altar of Uskayaw.
  2791 | D:4      | Reached XP level 6. HP: 56/56 MP: 5/5
  2796 | D:4      | Found a transporter.
  2837 | D:4      | You fall into a shaft and drop 3 floors!
  2898 | D:7      | Reached skill level 6 in Axes
  2964 | D:7      | Reached skill level 1 in Stealth
  3077 | D:7      | Noticed a water moccasin
  3085 | D:7      | Killed a water moccasin
  3086 | D:7      | Reached skill level 7 in Axes
  3086 | D:7      | Reached XP level 7. HP: 61/61 MP: 6/6
  3247 | D:7      | Found a sand-covered staircase.
  3251 | Ossuary  | Entered an ossuary
  3379 | Ossuary  | Reached *** piety under Trog
  3380 | Ossuary  | Reached skill level 5 in Armour
  3793 | D:7      | Reached skill level 8 in Axes
  3953 | D:7      | Found a white marble altar of Elyvilon.
  4069 | D:7      | Found a shimmering blue altar of Sif Muna.
  4218 | D:6      | Reached XP level 8. HP: 54/70 MP: 7/7
  4620 | D:6      | Reached skill level 9 in Axes
  4888 | D:5      | Entered Level 5 of the Dungeon
  5060 | D:5      | Found an opulent altar of Gozag.
  5282 | D:5      | Found a glowing silver altar of Zin.
  5513 | D:5      | Found a snail-covered altar of Cheibriados.
  5537 | D:5      | Found an ornate altar of the Wu Jian Council.
  5629 | D:5      | Reached skill level 10 in Axes
  5802 | D:4      | Found a staircase to the Ecumenical Temple.
  6128 | D:4      | Found Vicacs's Magic Scroll Emporium.
  6134 | D:4      | Bought a scroll of identify for 20 gold pieces
  6134 | D:4      | Bought a scroll of identify for 20 gold pieces
  6134 | D:4      | Bought a scroll of identify for 20 gold pieces
  6134 | D:4      | Bought a scroll of enchant armour for 75 gold pieces
  6134 | D:4      | Bought a scroll of blinking for 75 gold pieces
  6134 | D:4      | Bought a scroll of teleportation for 30 gold pieces
  6254 | D:4      | Found Yffiazir's Distillery.
  6257 | D:4      | Bought a potion of haste for 100 gold pieces
  6257 | D:4      | Bought a potion of cancellation for 80 gold pieces
  6664 | D:8      | Reached XP level 9. HP: 62/79 MP: 8/8
  6728 | D:8      | HP: 4/118 [acid dragon (5)]
  7021 | D:8      | Found a basalt altar of Yredelemnul.
  7047 | D:8      | Reached skill level 1 in Shields
  7107 | D:8      | Found a radiant altar of Vehumet.
  7137 | D:8      | Paralysed by a hornet for 3 turns
  7144 | D:8      | HP: 3/79 [hornet (3)]
  7144 | D:8      | Paralysed by a hornet for 3 turns
  7145 | D:8      | HP: 1/79 [poisoned by a hornet]
  7145 | D:8      | Mangled by a hornet

Illustrated notes

Levels and vault maps discovered:
D:1:      dpeg_arrival_oval, layout_basic, serial_shops, nicolae_shop_crystal,
          hellmonk_ecumenical_altar_lost_god, lexackson_kobold_supper
D:2:      layout_loops_cross
D:3:      layout_loops_ring, kennysheep_generic_room_4
D:4:      gammafunk_wand_slinger, layout_loops_corners,
          mainiacjoe_overflow_alcove_1, cheibrodos_ashenzari_chains,
          lemuel_temple_firewalk_b, serial_shops, kennysheep_mini,
          nicolae_shop_behind_doors
D:5:      black_bear_nest_1, layout_basic,
          pdpol_temple_overflow_zin_treasury_gozag_greed,
          nzn_wu_jian_council_hall, mainiacjoe_overflow_alcove_4,
          kennysheep_generic_room_6
D:6:      layout_basic, serial_glass, glass_columns_a, glass_columns_b,
          glass_columns_a, glass_columns_a, glass_columns_b, glass_columns_b,
          glass_columns_b, glass_columns_a, glass_columns_a, glass_columns_b
D:7:      layout_loops_ring, led_sif_book, amcnicky_altar_gilded,
          enter_ossuary_5
D:8:      layout_rooms, lemuel_zombie_altar_kikubaaqudgha,
          mainiacjoe_overflow_catwalk, kennysheep_little_box,
          nicolae_lava_and_water

Skill      XL: |  1  2  3  4  5  6  7  8  9 |
---------------+----------------------------+-----
Fighting       | 4 5 6 7 |  7.2
Axes           | 4 5 7 8 10 | 10.2
Armour         | 3 4 5 7 |  7.9
Dodging        | 3 |  3.8
Stealth        | 1 |  1.4
Shields        | 1 |  1.0

Action                     |  1- 3 |  4- 6 |  7- 9 || total
---------------------------+-------+-------+-------++-------
  Melee: Hand axe          |   263 |   127 |   229 ||   619
         Headbutt          |    74 |    14 |    37 ||   125
         Punch             |     5 |     1 |     5 ||    11
 Invoke: Berserk           |     1 |     3 |     5 ||     9
         Trog's Hand       |       |       |     1 ||     1
    Use: Scroll            |       |       |    11 ||    11
 Armour: Animal skin       |    11 |       |       ||    11
         Chain mail        |    21 |    64 |   101 ||   186
  Dodge: Dodged            |    50 |    62 |    80 ||   192
  Block: Other             |       |       |    19 ||    19
         Reflection        |       |       |     4 ||     4
